 Dungeon Crawl Stone Soup version 0.21.1 (webtiles) character file.

120 shakethe the Sneak (level 4, -5/33 HPs)
             Began as a Vampire Assassin on Feb 5, 2018.
             Slain by a gnoll
             ... wielding a +0 halberd
              (16 damage)
             ... on level 2 of the Dungeon.
             The game lasted 00:18:49 (9847 turns).

shakethe the Sneak (Vampire Assassin)               Turns: 9847, Time: 00:18:49

Health: -5/33      AC:  4    Str: 10    XL:     4   Next: 75%
Magic:  4/4        EV: 12    Int: 13    God:
Gold:   104        SH:  0    Dex: 16    Spells: 3/3 levels left

rFire    . . .     SeeInvis +   a - +2 dagger
rCold    + + .     Gourm    .   (no shield)
rNeg     + + +     Faith    .   c - +0 robe
rPois    ∞         Spirit   .   n - +0 helmet
rElec    .         Reflect  .   d - +0 cloak
rCorr    .         Harm     .   (no gloves)
MR       .....                  (no boots)
Stlth    ++++++....             (no amulet)
HPRegen  0.00/turn              (no ring)
MPRegen  0.09/turn              (no ring)

@: bloodless, non-regenerating
A: fangs 3, see invisible, unbreathing
a: Bat Form


You were on level 2 of the Dungeon.
You were bloodless.

You visited 1 branch of the dungeon, and saw 2 of its levels.

You collected 104 gold pieces.

Inventory:

Hand Weapons
 a - a +2 dagger (weapon)
 b - a +0 blowgun
Missiles
 e - 4 poisoned needles
 f - 3 curare-tipped needles
Armour
 c - a +0 robe (worn)
 d - a +0 cloak (worn)
 n - a +0 helmet (worn)
Scrolls
 g - a scroll of fear {unknown}
 h - a scroll of remove curse {unknown}
 j - 4 scrolls of identify {unknown}
 k - a scroll of enchant armour {unknown}
 o - a scroll of enchant weapon {unknown}
Potions
 i - a potion of degeneration {unknown}
 l - 2 potions of berserk rage {unknown}
 m - 7 potions of blood
 p - a potion of heal wounds {unknown}
 q - 2 potions of ambrosia {unknown}


   Skills:
 - Level 1.7 Fighting
 * Level 4.5 Short Blades
 - Level 1.9 Throwing
 - Level 1.1 Dodging
 + Level 7.1 Stealth


You had 3 spell levels left.
You didn't know any spells.

Dungeon Overview and Level Annotations

Branches:
Dungeon (2/15)

Altars:


Innate Abilities, Weirdness & Mutations

You do not heal naturally.
You are immune to poison.
You have razor-sharp teeth.
You have supernaturally acute eyesight. (SInv)
You can survive without breathing.


Message History

You hit the frilled lizard.
You kill the frilled lizard!
You see here a frilled lizard corpse.
You see here a rat corpse.
You bottle the corpse's blood.
m - 6 potions of blood (gained 1)
You see here a frilled lizard corpse.
You bottle the corpse's blood.
m - 7 potions of blood (gained 1)
You see here a frilled lizard skeleton.
There isn't anything to bottle or butcher here.
There isn't anything here!
There isn't anything here!
You see here a frilled lizard skeleton.
The gnoll shouts! x2
The gnoll hits you from afar with a halberd!
The gnoll drinks a potion.
The gnoll seems to grow stronger.
The gnoll hits you from afar with a halberd.
The gnoll hits you from afar with a halberd!
You die...

.........##.#.# #.# #.#
..............# #.# #.#
.#.#.....##...#######.####.#
#............÷.............
#..........................
#............#####.#####..#
......#..##.........# #..#
.........##...#####.#####..#
.......g...@................
..............####.........
........g........#.........
#.#####.##.#..##.#.........
#.##.#..##.#.###.....
#....................
..........#..####.##......
###....#........#.##......
########...##.#.##..(...


You could see 2 gnolls.

Vanquished Creatures
  Robin (D:1)
  A gnoll (D:2)
  3 adders (D:2)
  3 dart slugs (D:1)
  3 leopard geckos (D:2)
  11 bats
  A giant cockroach (D:1)
  10 goblins
  10 hobgoblins
  3 jackals (D:2)
  A ball python (D:1)
  4 frilled lizards
  6 kobolds
  3 rats
  A plant (D:1)
61 creatures vanquished.

Notes
Turn   | Place    | Note
-------+----------+-------------------------------------------
     0 | D:1      | shakethe the Vampire Assassin began the quest for the Orb.
     0 | D:1      | Reached XP level 1. HP: 16/16 MP: 1/1
    88 | D:1      | Reached skill level 6 in Stealth
   249 | D:1      | Reached XP level 2. HP: 19/22 MP: 2/2
   801 | D:1      | Reached XP level 3. HP: 24/27 MP: 3/3
  5016 | D:2      | Noticed Robin
  5832 | D:1      | Killed Robin
  6972 | D:2      | Reached XP level 4. HP: 13/33 MP: 4/4
  8113 | D:2      | Reached skill level 7 in Stealth
  9847 | D:2      | Slain by a gnoll

Skill      XL: |  1  2  3  4 |
---------------+-------------+-----
Stealth        | 6 7 |  7.1
Short Blades   | 3 4 |  4.5
Fighting       | |  1.7
Throwing       | |  1.9
Dodging        | |  1.1

Action                   |  1- 3 |  4- 6 || total
-------------------------+-------+-------++-------
Melee: Dagger            |   206 |    70 ||   276
       Bite              |    28 |     8 ||    36
       Unarmed           |    25 |     1 ||    26
 Fire: Blowgun           |    19 |     1 ||    20
 Abil: End Transformatio |     3 |     3 ||     6
       Bat Form          |     3 |     3 ||     6
  Use: Potion            |     6 |     2 ||     8
 Stab: Sleeping          |     2 |     2 ||     4
       Distracted        |       |     1 ||     1
  Eat: Corpse            |     4 |     2 ||     6
Armor: Robe              |    46 |    14 ||    60
Dodge: Dodged            |   194 |    67 ||   261
